 Dungeon Sprint DCSS version 0.30.1-9-gdf580d7c3d (webtiles) character file.

Game seed: 17707769090383062516

46328 Heoruswealwe the Minotaur Porcupine (level 14, -21/155 HPs)
             Began as a Minotaur Fighter on Oct 6, 2023.
             Was an Initiate of Gozag.
             Killed from afar by a frost giant (36 damage)
             ... with a bolt of cold
             ... in the Dungeon (Sprint IX: "|||||||||||||||||||||||||||||").
             The game lasted 00:37:13 (4343 turns).

Heoruswealwe the Minotaur Porcupine (MiFi)          Turns: 4343, Time: 00:37:15

Health: -21/155    AC: 28    Str: 27    XL:     14   Next: 4%
Magic:  13/13      EV: 13    Int:  7    God:    Gozag
Gold:   3234       SH:  5    Dex:  9    Spells: 13/13 levels left

rFire   + + +        b - +2 glaive (venom)
rCold   . . .        (shield currently unavailable)
rNeg    . . .        c - +2 plate armour {rF+}
rPois   .            (helmet restricted)
rElec   .            h - +0 cloak
rCorr   .            f - +0 pair of gloves
SInv    .            e - +0 pair of boots
Will    +....        i - amulet of reflection Stlth
                     k - +2 ring of evasion
HPRegen 0.45/turn    j - ring of Lugonu's Condemnation {Fly rF++ Int+2}
MPRegen 0.13/turn

%: no teleportation, reflection
@: flying
A: horns 2, retaliatory headbutt
a: Renounce Religion, Potion Petition, Call Merchant, Bribe Branch


You were in the Dungeon.
You worshipped Gozag.
Gozag was most pleased with you.
You visited 1 branch You collected 14780 gold pieces.
You spent 5419 gold pieces at shops.
You paid 6127 gold pieces to Gozag.

Inventory:

Hand Weapons
 a - a +2 trident of venom
 b - a +2 glaive of venom (weapon)
 w - the +10 dark maul {heavy}
   (You bought it in a shop in the Dungeon)
Armour
 c - a +2 plate armour of fire resistance (worn)
 d - a +1 tower shield
 e - a +0 pair of boots (worn)
 f - a +0 pair of gloves (worn)
 h - a +0 cloak (worn)
Jewellery
 i - an amulet of reflection (around neck)
 j - the ring of Lugonu's Condemnation (right hand) {Fly rF++ Int+2}
   (You bought it in a shop in the Dungeon)

   [ring of flight]

   Int:       It affects your intelligence (+2).
   rF:        It greatly protects you from fire.
   Fly:       It grants you flight.
 k - a +2 ring of evasion (left hand)
Wands
 n - a wand of acid (10)
 r - a wand of iceblast (8)
 s - a wand of paralysis (12)
Scrolls
 m - 4 scrolls of blinking
 o - 6 scrolls of enchant armour
 p - 9 scrolls of identify
 v - a scroll of silence
 A - a scroll of enchant weapon
Potions
 g - a potion of haste
 l - 2 potions of might
 q - a potion of berserk rage
 x - a potion of resistance
Miscellaneous
 u - a lightning rod (4/4)


   Skills:
 + Level 22.6 Fighting
 * Level 16.1 Maces & Flails
 O Level 27 Polearms
 + Level 22.7 Armour
 + Level 10.7 Dodging
 - Level 3.6 Shields


You had 13 spell levels left.
You didn't know any spells.
Your spell library was empty.

Dungeon Overview and Level Annotations

Branches:
Dungeon (1/1)

Altars:
Cheibriados
Dithmenos
Elyvilon
Fedhas
Gozag
Hepliaklqana
Kikubaaqudgha
Makhleb
Nemelex Xobeh
Okawaru
Qazlal
Ru
Sif Muna
Trog
Uskayaw
Vehumet
Wu Jian
Xom
Yredelemnul
Zin
The Shining One
Jiyva
Lugonu

Shops:
D ((*?[?[(*(


Innate Abilities, Weirdness & Mutations

You have a pair of horns on your head.
You reflexively headbutt those who attack you in melee.


Message History

You hit something but do no damage. Your headbutt misses something.
Something hits you but does no damage. Something bites you but does no damage.
You hit something but do no damage. Your headbutt misses something.
You slice something!!
You hear some strange, mumbled words.
A bolt of negative energy appears from out of thin air!
The bolt of negative energy hits you!
You feel drained.
* * * LOW HITPOINT WARNING * * *
You slice something!!
Reactivating autopickup.
The wight disappears in a puff of smoke! x2
You feel a bit more experienced.
Your life force feels restored.
Your Maces & Flails skill increases to level 16!
Things that are here:
45 gold pieces; a +0 robe You hit the glowing orange brain.
The glowing orange brain is poisoned.
The glowing orange brain is lightly wounded.
You slash the glowing orange brain!
The glowing orange brain looks as sick as possible!
The glowing orange brain is moderately wounded.
You slash the glowing orange brain!
The glowing orange brain looks as sick as possible!
The glowing orange brain is heavily wounded.
The rakshasa blinks!
You slice the frost giant!!
The frost giant looks as sick as possible!
Your headbutt misses the frost giant.
The frost giant is moderately wounded.
You hit the frost giant but do no damage.
The frost giant looks as sick as possible!
You headbutt the frost giant!
The frost giant is moderately wounded.
You hit the frost giant.
The frost giant looks as sick as possible!
The frost giant is moderately wounded.
The frost giant gestures at you while chanting.
The bolt of cold hits you!!!
You die...
Your body crumbles into a pile of gold.

*,,,,,,,,,,,,,,,,,,
*******************
*,,,,,,,,,,,,+,,,,,
*,*****************
*,,,,,,,,,,,,,,,,,,
▓▓▓▓▓▓▓▓▓▓▓▓▓▓▓▓▓▓▓
▓G..............§$C
▓C▓▓▓▓▓▓▓▓▓▓▓▓▓▓▓▓▓
▓.@................
▓▓▓▓▓▓▓▓▓▓▓▓▓▓▓▓▓▓▓
▓..∩.∩.∩........'..
▓.▓▓▓▓▓▓▓▓▓▓▓▓▓▓▓▓▓
▓..................
▓▓▓▓▓▓▓▓▓▓▓▓▓▓▓▓▓▓▓
▓.........'====.)))
▓.▓▓▓▓▓▓▓▓▓▓▓▓▓▓▓▓▓
▓..................


You could see a frost giant (extremely poisoned) and a glowing orange brain
(extremely poisoned).

Vanquished Creatures
  Saint Roka (D)
  A fire giant (D)
  An emperor scorpion (D)
  A stone giant (D)
  A bunyip (D)
  A spark wasp (D)
  Snorg (D)
  2 merfolk impalers (D)
  An ettin (D)
  A shambling mangrove (D)
  Harold (D)
  A rakshasa (D)
  A hydra (D)
  A ghost crab (D)
  An ice dragon (D)
  5 ogre magi (D)
  A merfolk aquamancer (D)
  5 two-headed ogres (D)
  3 centaur warriors (D)
  2 anacondas (D)
  2 boulder beetles (D)
  A tengu warrior (D)
  A vampire mage (D)
  2 deep troll earth magi (D)
  A naga sharpshooter (D)
  A spriggan berserker (D)
  2 sea snakes (D)
  A swamp dragon (D)
  2 goliath frogs (D)
  A flayed ghost (D)
  A naga ritualist (D)
  2 bog bodies (D)
  A wizard (D)
  A harpy (D)
  2 steelbarb worms (D)
  3 orc knights (D)
  A mana viper (D)
  An orc sorcerer (D)
  3 manticores (D)
  A cyclops (D)
  A wolf spider (D)
  An ugly thing (D)
  4 black mambas (D)
  A torpor snail (D)
  2 demonic crawlers (D)
  3 cane toads (D)
  An efreet (D)
  A tengu conjurer (D)
  2 komodo dragons (D)
  A bloated husk (D)
  A troll (D)
  3 tyrant leeches (D)
  A wind drake (D)
  2 hornets (D)
  A snapping turtle (D)
  A blink frog (D)
  A wraith (D)
  A wyvern (D)
  2 yaks (D)
  Grum (D)
  A basilisk (D)
  2 vampire mosquitoes (D)
  A warg (D)
  A naga (D)
  3 water moccasins (D)
  10 orc warriors (D)
  A centaur (D)
  6 wolves (D)
  4 ogres (D)
  2 bullfrogs (D)
  A scorpion (D)
  A hound (D)
  3 orc priests (D)
  6 orc wizards (D)
  An adder (D)
  5 worms (D)
  11 orcs (D)
  A goblin (D)
  A hobgoblin (D)
  A ball python (D)
  A kobold (D)
  A rat (D)
157 creatures vanquished.

Notes
Turn   | Place    | Note
-------+----------+-------------------------------------------
     0 | D        | Heoruswealwe the Minotaur Fighter began the quest for the
                  | Orb.
     0 | D        | Reached XP level 1. HP: 19/19 MP: 0/0
     7 | D        | Reached skill level 3 in Polearms
    22 | D        | Noticed an orc wizard
    22 | D        | Noticed a scorpion
    22 | D        | Noticed a hound
    27 | D        | Killed an orc wizard
    28 | D        | Reached skill level 5 in Fighting
    28 | D        | Reached skill level 5 in Polearms
    28 | D        | Reached skill level 5 in Armour
    28 | D        | Reached XP level 2. HP: 22/29 MP: 1/1
    28 | D        | Reached XP level 3. HP: 28/36 MP: 2/2
    31 | D        | Killed a scorpion
    32 | D        | Reached skill level 7 in Polearms
    32 | D        | Reached XP level 4. HP: 21/44 MP: 3/3
    40 | D        | Reached skill level 8 in Polearms
    57 | D        | Found a snail-covered altar of Cheibriados.
    57 | D        | Found a shadowy altar of Dithmenos.
    57 | D        | Found a white marble altar of Elyvilon.
    57 | D        | Found a blossoming altar of Fedhas.
    57 | D        | Found an opulent altar of Gozag.
    58 | D        | Found a hazy altar of Hepliaklqana.
    59 | D        | Found a viscous altar of Jiyva.
    60 | D        | Found an ancient bone altar of Kikubaaqudgha.
    61 | D        | Found a corrupted altar of Lugonu.
    62 | D        | Found a burning altar of Makhleb.
    63 | D        | Found a sparkling altar of Nemelex Xobeh.
    64 | D        | Found an iron altar of Okawaru.
    65 | D        | Became a worshipper of Gozag Ym Sagoz the Greedy
    66 | D        | Found a stormy altar of Qazlal.
    67 | D        | Found a sacrificial altar of Ru.
    68 | D        | Found a shimmering blue altar of Sif Muna.
    69 | D        | Found a bloodstained altar of Trog.
    70 | D        | Found a hide-covered altar of Uskayaw.
    71 | D        | Found a radiant altar of Vehumet.
    72 | D        | Found an ornate altar of the Wu Jian Council.
    73 | D        | Found a shimmering altar of Xom.
    74 | D        | Found a basalt altar of Yredelemnul.
    75 | D        | Found a glowing silver altar of Zin.
    76 | D        | Found a glowing golden altar of the Shining One.
    92 | D        | Got the +4 quarterstaff "Gism" {freeze, rF- Will+ Str+10
                  | SInv}
   136 | D        | Noticed a yak
   136 | D        | Noticed a wyvern
   136 | D        | Noticed a troll
   136 | D        | Noticed a centaur
   140 | D        | Killed a yak
   141 | D        | Reached skill level 10 in Polearms
   141 | D        | Reached XP level 5. HP: 51/53 MP: 4/4
   143 | D        | Reached skill level 11 in Polearms
   143 | D        | Reached XP level 6. HP: 60/62 MP: 5/5
   151 | D        | Killed a wyvern
   152 | D        | Reached skill level 12 in Polearms
   157 | D        | Killed a troll
   158 | D        | Reached skill level 10 in Fighting
   158 | D        | Reached skill level 13 in Polearms
   158 | D        | Reached skill level 10 in Armour
   158 | D        | Reached XP level 7. HP: 13/72 MP: 6/6
   165 | D        | Reached skill level 14 in Polearms
   351 | D        | Noticed a wraith
   351 | D        | Noticed a vampire mosquito
   351 | D        | Noticed a green ugly thing
   351 | D        | Noticed a vampire mosquito
   351 | D        | Noticed a cyclops
   351 | D        | Noticed a two-headed ogre
   357 | D        | Killed a wraith
   360 | D        | Killed a green ugly thing
   361 | D        | Reached skill level 15 in Polearms
   361 | D        | Reached XP level 8. HP: 82/82 MP: 7/7
   366 | D        | Reached skill level 16 in Polearms
   372 | D        | Killed a cyclops
   380 | D        | Killed a two-headed ogre
   381 | D        | Reached skill level 17 in Polearms
   381 | D        | Reached XP level 9. HP: 80/93 MP: 8/8
   532 | D        | Noticed a komodo dragon
   532 | D        | Noticed a cane toad
   534 | D        | Noticed a five-headed hydra
   536 | D        | Reached skill level 18 in Polearms
   538 | D        | Killed a komodo dragon
   542 | D        | Killed a cane toad
   559 | D        | Killed a 13-headed hydra
   560 | D        | Reached skill level 19 in Polearms
   565 | D        | Reached XP level 10. HP: 74/104 MP: 9/9
   565 | D        | Noticed a cane toad
   576 | D        | Killed a cane toad
   721 | D        | Noticed a black mamba
   727 | D        | Reached skill level 20 in Polearms
   729 | D        | Killed a black mamba
   730 | D        | Reached skill level 15 in Fighting
   730 | D        | Reached skill level 15 in Armour
   730 | D        | Noticed a cane toad
   760 | D        | Killed a cane toad
   839 | D        | Reached skill level 21 in Polearms
  1038 | D        | Noticed an orc knight
  1051 | D        | Killed an orc knight
  1224 | D        | Noticed an orc sorcerer
  1228 | D        | Noticed an orc knight
  1233 | D        | Paralysed by an orc sorcerer for 4 turns
  1238 | D        | Killed an orc sorcerer
  1239 | D        | Reached XP level 11. HP: 86/115 MP: 10/10
  1245 | D        | Killed an orc knight
  1246 | D        | Reached skill level 22 in Polearms
  1248 | D        | Noticed an orc knight
  1276 | D        | Killed an orc knight
  1480 | D        | Found Raurchaic's Magic Scroll Emporium.
  1480 | D        | Noticed an ogre mage
  1480 | D        | Noticed an ogre mage
  1480 | D        | Noticed a two-headed ogre
  1480 | D        | Noticed an ogre mage
  1485 | D        | Killed an ogre mage
  1485 | D        | Noticed an ogre mage
  1488 | D        | Noticed a two-headed ogre
  1489 | D        | Killed an ogre mage
  1490 | D        | Reached skill level 23 in Polearms
  1491 | D        | Killed a two-headed ogre
  1496 | D        | Paralysed by an ogre mage for 5 turns
  1503 | D        | Killed an ogre mage
  1504 | D        | Noticed an ogre mage
  1510 | D        | Killed an ogre mage
  1511 | D        | Found Alucs's Antique Armour Shoppe.
  1511 | D        | Noticed a two-headed ogre
  1517 | D        | Killed a two-headed ogre
  1524 | D        | Killed an ogre mage
  1525 | D        | Reached skill level 24 in Polearms
  1527 | D        | Killed a two-headed ogre
  1545 | D        | Found Zenoec's Magic Scroll Emporium.
  1549 | D        | Found Ceb Kytt's Antique Armour Shoppe.
  1569 | D        | Noticed a two-headed ogre
  1575 | D        | Killed a two-headed ogre
  1624 | D        | Bought a pair of gloves for 112 gold pieces
  1637 | D        | Bought a scroll of identify for 24 gold pieces
  1637 | D        | Bought a scroll of identify for 24 gold pieces
  1637 | D        | Bought a scroll of identify for 24 gold pieces
  1637 | D        | Bought a scroll of magic mapping for 90 gold pieces
  1637 | D        | Bought a scroll of silence for 114 gold pieces
  1637 | D        | Bought a scroll of vulnerability for 48 gold pieces
  1641 | D        | Bought a scroll of blinking for 75 gold pieces
  1641 | D        | Bought a scroll of identify for 20 gold pieces
  1641 | D        | Bought a scroll of torment for 95 gold pieces
  1641 | D        | Bought a scroll of identify for 20 gold pieces
  1641 | D        | Bought a scroll of identify for 20 gold pieces
  1641 | D        | Bought a scroll of poison for 40 gold pieces
  1641 | D        | Bought a scroll of identify for 20 gold pieces
  1641 | D        | Bought a scroll of summoning for 95 gold pieces
  1641 | D        | Bought a scroll of enchant weapon for 75 gold pieces
  1687 | D        | Bought a glowing glaive for 285 gold pieces
  1687 | D        | Bought the +10 dark maul {heavy} for 2061 gold pieces
  1687 | D        | Found the +10 dark maul {heavy}
  1716 | D        | Bought the ring of Lugonu's Condemnation {Fly rF++ Int+2}
                  | for 600 gold pieces
  1716 | D        | Bought a potion of curing for 39 gold pieces
  1716 | D        | Bought a lightning rod (4/4) for 390 gold pieces
  1716 | D        | Bought a scroll of blinking for 97 gold pieces
  1716 | D        | Bought a potion of curing for 39 gold pieces
  1751 | D        | Bought a +2 glaive of venom for 277 gold pieces
  1834 | D        | Noticed Harold
  1843 | D        | Killed Harold
  1844 | D        | Reached XP level 12. HP: 128/128 MP: 11/11
  1928 | D        | Noticed a centaur warrior
  1928 | D        | Noticed a centaur warrior
  1928 | D        | Noticed a centaur warrior
  1932 | D        | Killed a centaur warrior
  1933 | D        | Reached skill level 25 in Polearms
  1946 | D        | Noticed a deep troll earth mage
  1947 | D        | Killed a centaur warrior
  1948 | D        | Noticed a stone giant
  1951 | D        | Killed a centaur warrior
  1952 | D        | Noticed an ettin
  1969 | D        | Noticed a tengu warrior
  1979 | D        | Killed a deep troll earth mage
  1980 | D        | Reached skill level 26 in Polearms
  1986 | D        | Killed a stone giant
  1991 | D        | Killed an ettin
  1998 | D        | Killed a tengu warrior
  2000 | D        | Noticed an ice dragon
  2010 | D        | Killed an ice dragon
  2329 | D        | Noticed Grum
  2340 | D        | Killed Grum
  2344 | D        | Reached skill level 27 in Polearms
  2455 | D        | Noticed an emperor scorpion
  2455 | D        | Noticed a boulder beetle
  2455 | D        | Noticed a boulder beetle
  2466 | D        | Killed an emperor scorpion
  2467 | D        | Reached skill level 1 in Dodging
  2477 | D        | Killed a boulder beetle
  2478 | D        | Reached skill level 5 in Maces & Flails
  2493 | D        | Killed a boulder beetle
  2509 | D        | Reached XP level 13. HP: 68/141 MP: 12/12
  2715 | D        | Bought a scroll of blinking for 195 gold pieces
  2715 | D        | Bought a silver wand for 104 gold pieces
  2715 | D        | Bought a wand of paralysis (7) for 436 gold pieces
  2742 | D        | Reached skill level 5 in Dodging
  2779 | D        | Reached skill level 10 in Maces & Flails
  3061 | D        | Noticed a bunyip
  3083 | D        | Killed a bunyip
  3346 | D        | Noticed a merfolk impaler
  3346 | D        | Noticed a merfolk impaler
  3367 | D        | Killed a merfolk impaler
  3632 | D        | Killed a merfolk impaler
  3939 | D        | Noticed Saint Roka
  3962 | D        | Killed Saint Roka
  4228 | D        | Noticed Snorg
  4237 | D        | Killed Snorg
  4238 | D        | Reached skill level 15 in Maces & Flails
  4238 | D        | Reached skill level 10 in Dodging
  4281 | D        | Noticed a spark wasp
  4281 | D        | Noticed a fire giant
  4305 | D        | Noticed a frost giant
  4306 | D        | Killed a spark wasp
  4328 | D        | Killed a fire giant
  4329 | D        | Reached XP level 14. HP: 26/155 MP: 13/13
  4343 | D        | Killed from afar by a frost giant

Illustrated notes

Levels and vault maps discovered:
D:        linesprint [early_d, line_temple, items_1, d_10, items_2, lair_1,
          lair_end, items_3, orc_1, orc_end, items_4, d_15, swamp_1, shoals_1,
          snake_1, spider_1, d_20, vaults_1, items_5, swamp_end, shoals_end,
          snake_end, spider_end, vaults_end, d_27, items_6, zot_1, zot_end,
          crypt_end, forest_end, elf_end, slime_end, tomb_end, abyss_end,
          pan_hell_end]

Skill      XL: |  1  2  3  4  5  6  7  8  9 10 11 12 13 14 |
---------------+-------------------------------------------+-----
Polearms       | 5 7 10 11 13 15 17 19 21 24 27 | 27.0
Fighting       | 5 6 8 10 11 13 14 16 18 20 22 | 22.6
Armour         | 5 6 8 10 11 13 14 16 18 20 22 | 22.7
Maces & Flails | 6 15 16 | 16.1
Dodging        | 4 10 | 10.7
Shields        | |  3.6

Action                     |  1- 3 |  4- 6 |  7- 9 | 10-12 | 13-15 || total
---------------------------+-------+-------+-------+-------+-------++-------
  Melee: Trident           |    15 |    18 |       |       |       ||    33
         Headbutt          |     5 |     8 |    12 |    68 |    41 ||   134
         Halberd           |       |    21 |    57 |   197 |       ||   275
         Glaive            |       |       |       |   121 |   198 ||   319
 Invoke: Call Merchant     |       |       |       |     5 |     1 ||     6
    Use: Potion            |     1 |     1 |     2 |    17 |     2 ||    23
         Scroll            |       |       |       |     1 |     1 ||     2
   Stab: Distracted        |       |       |     1 |     1 |     1 ||     3
 Armour: Scale mail        |     5 |     5 |       |       |       ||    10
         Plate armour      |       |    13 |    24 |   122 |    68 ||   227
  Dodge: Dodged            |     3 |    15 |    19 |    86 |    55 ||   178
  Block: Buckler           |     1 |     2 |       |       |       ||     3
         Other             |       |       |       |    31 |    28 ||    59
         Reflection        |       |       |       |     2 |       ||     2
